 Dungeon Crawl Stone Soup version 0.17-a0-227-gf5308cc (webtiles) character file.

590 Pikaro the Quickloader (level 7, 0/55 HPs)
             Began as a Centaur Hunter on Mar 30, 2015.
             Slain by an orc wizard
             ... wielding a +0 dagger
              (2 damage)
             ... on level 4 of the Dungeon.
             The game lasted 00:13:08 (7201 turns).

Pikaro the Quickloader (Centaur Hunter)             Turns: 7201, Time: 00:13:09

Health: 0/55       AC: 11    Str: 14    XL:     7   Next: 16%
Magic:  5/5        EV:  9    Int: 10    God:
Gold:   196        SH:  0    Dex: 12    Spells: 0 memorised, 6 levels left

rFire  . . .     SeeInvis .     a - +1 short sword (protect)
rCold  + . .     Clarity  .     y - +0 leather armour {rC+}
rNeg   . . .     SustAb   .     (no shield)
rPois  .         Gourm    .     (no helmet)
rElec  .         Spirit   .     (no cloak)
rCorr  .         Warding  .     m - +1 pair of gloves
rMut   .         Stasis   .     (no barding)
MR     .....                    (no amulet)
Stlth  +.........               (no ring)
                                (no ring)

@: about to teleport, very quick, not resistant to hostile enchantments, very
unstealthy
A: hooves 3, deformed body, speed 2, tough skin 3
a: no special abilities


You were on level 4 of the Dungeon.
You were hungry.

You visited 1 branch of the dungeon, and saw 5 of its levels.

You collected 196 gold pieces.

Inventory:

Hand weapons
 a - a +1 short sword of protection (weapon)
   (You found it on level 2 of the Dungeon)
 b - a +1 hand crossbow
 t - a +0 blowgun
   (You took it off a kobold on level 3 of the Dungeon)
Missiles
 c - 42 bolts
 j - 4 tomahawks of returning (quivered)
 u - 16 poisoned needles
Armour
 m - a +1 pair of gloves (worn)
   (You found it on level 1 of the Dungeon)
 y - a +0 leather armour of cold resistance (worn)
   (You took it off an orc on level 3 of the Dungeon)
 D - a +1 ring mail of magic resistance
   (You took it off an orc on level 5 of the Dungeon)
Scrolls
 g - a scroll of identify
 h - 2 scrolls of remove curse
 q - a scroll of random uselessness
 w - a scroll of enchant weapon {unknown}
 x - 3 scrolls of amnesia
 A - a scroll of fear {unknown}
 B - a scroll of enchant armour
Potions
 d - a potion of agility
 e - 2 potions of might
 i - a potion of magic
 p - a potion of cancellation
 r - a potion of mutation {!q}
 s - a potion of resistance
Comestibles
 f - 4 bread rations
 k - a slice of pizza
 l - 3 meat rations
 n - 2 beef jerkies


   Skills:
 - Level 2.0 Fighting
 + Level 9.5 Crossbows
 - Level 1.3 Dodging
 - Level 0.5 Stealth


You had 6 spell levels left.
You didn't know any spells.

Dungeon Overview and Level Annotations

Branches:
Dungeon (5/15)
 Temple: D:4-7

Altars:
Elyvilon
Vehumet
Xom


Innate Abilities, Weirdness & Mutations

You have hooves in place of feet.
Armour fits poorly on your strangely shaped body.
You cover ground very quickly.
You have extremely tough skin (AC +3).


Message History

You see here a dagger.
The shadow imp lashes its tail.
You feel sick.
The shadow imp disappears for a moment.
You take 1 damage, and have 8/55 hp.
You feel sick.
You take 1 damage, and have 7/55 hp.
You see here a dagger.
You see here a worker ant corpse.
You feel sick.
You take 1 damage, and have 7/55 hp.
You feel sick.
You feel sick.
There is a stone staircase leading up here.
You take 1 damage, and have 6/55 hp.
You climb upwards.
There is a stone staircase leading down here.
You start resting.
You feel sick.
You are no longer poisoned.
You take 1 damage, and have 6/55 hp.
You start resting.
You regained 18 hp, and now have 24/55 hp.
You start resting.
You are feeling hungry.
You start resting.
An orc wizard comes into view. It is wielding a dagger.
Total turns waited: 114 The orc wizard shouts!
The orc wizard points at you and mumbles some strange words.
The magic dart hits you!
You take 9 damage, and have 17/55 hp.
The orc wizard closely misses you.
You hit the orc wizard.
The orc wizard hits you but does no damage.
An orc comes into view. It is wielding a hand axe.
You barely miss the orc wizard.
The orc shouts!
Your kick misses the orc wizard. The orc wizard barely misses you.
You hit the orc wizard. You kick the orc wizard.
The orc wizard hits you but does no damage.
You miss the orc wizard. The orc wizard barely misses you.
The orc wizard hits you with a dagger.
* * * LOW HITPOINT WARNING * * *
You take 2 damage, and have 16/55 hp.
You hit the orc wizard. Your kick misses the orc wizard.
The orc wizard hits you but does no damage.
You barely miss the orc wizard.
You kick the orc wizard, but do no damage.
The orc hits you but does no damage.
The orc wizard hits you but does no damage.
You closely miss the orc wizard. Your kick misses the orc wizard.
The orc hits you but does no damage. The orc wizard casts a spell at you.
The puff of flame hits you!
* * * LOW HITPOINT WARNING * * *
An orc comes into view. It is wielding a flail.
You take 8 damage, and have 9/55 hp.
HP below 25%!
The orc shouts!
You hit the orc wizard but do no damage.
The orc hits you but does no damage. The orc wizard hits you with a dagger.
* * * LOW HITPOINT WARNING * * *
You take 3 damage, and have 6/55 hp.
Drink which item? (? for menu, Esc to quit)
Okay, then.
You closely miss the orc wizard. The orc closely misses you.
The orc wizard hits you but does no damage.
You barely miss the orc wizard. Your kick misses the orc wizard.
The orc hits you but does no damage. The orc wizard hits you with a dagger.
* * * LOW HITPOINT WARNING * * *
You take 2 damage, and have 4/55 hp.
You barely miss the orc wizard. The orc wizard closely misses you.
The orc hits you with a hand axe.
* * * LOW HITPOINT WARNING * * *
You take 3 damage, and have 1/55 hp.
Drink which item? (? for menu, Esc to quit)
Okay, then.
Sorry, you're not good enough to have a special ability.
Read which item? (? for menu, Esc to quit)
As you read the scroll labeled CAUJAS TECAGUCH, it crumbles to dust.
It is a scroll of enchant armour.
Enchant which item? (? for menu, Esc to quit)
Your +0 pair of gloves glows green for a moment.
The orc wizard hits you but does no damage.
The orc barely misses you.
Read which item? (? for menu, Esc to quit)
As you read the scroll labeled IKLAVO OKHLIDAO, it crumbles to dust.
Your brain hurts!
It was a scroll of random uselessness.
The orc wizard hits you but does no damage.
The orc closely misses you. x2
Read which item? (? for menu, Esc to quit)
As you read the scroll labeled CIADWI IBRALIV, it crumbles to dust.
You feel strangely unstable.
It was a scroll of teleportation.
The orc wizard closely misses you. The orc hits you but does no damage. x2
Read which item? (? for menu, Esc to quit)
As you read the scroll labeled DAOKLE KOKLUETICH, it crumbles to dust.
The scroll dissolves into smoke.
It was a scroll of fog.
The orc wizard hits you with a dagger.
You die...

.####.####......####.............
..............#.............####.
)######...#.##.............## #.
.# ####...#..#.........## #. .#
#.........#####...####### ##
##....#.### ##.......... #
##.##[.#######...######## # ###
#..##.§o§§§##....# ## # #.##
#.##..§o@§§.>.##.## ##. # #..#
#.##..§o§§§...#...# ##.. ###..#
##.##....###...#.P.# ##..#
##...###..#.....# ###.#...###...#
#.##..##.##....####...##.##....##
.........#.............#.#.....#
.(.##...........#####.##.##.#####
.#####..........#...###...###...#
#######..<........P....._.....P..


You could see an orc wizard and 2 orcs.

Vanquished Creatures
  An ogre (D:4)
  A scorpion (D:5)
  A crimson imp (D:5)
  A giant frog skeleton (D:4)
  An iguana (D:4)
  An orc priest (D:3)
  2 orc wizards (D:4)
  4 worker ants
  Jessica (D:2)
  5 adders
  2 worms (D:3)
  2 giant geckos
  An ooze (D:1)
  16 orcs
  11 bats
  7 giant cockroaches
  10 goblins
  9 hobgoblins
  3 jackals (D:2)
  5 kobolds
  4 ball pythons
  2 giant newts
  A goblin zombie (D:5)
  3 quokkas
  13 rats
107 creatures vanquished.

Notes
Turn   | Place    | Note
--------------------------------------------------------------
     0 | D:1      | Pikaro, the Centaur Hunter, began the quest for the Orb.
     0 | D:1      | Reached XP level 1. HP: 17/17 MP: 1/1
   419 | D:1      | Reached XP level 2. HP: 21/24 MP: 2/2
   486 | D:1      | Reached skill level 5 in Crossbows
  1081 | D:2      | Reached XP level 3. HP: 18/29 MP: 3/3
  1798 | D:2      | Noticed Jessica
  1808 | D:2      | Killed Jessica
  1808 | D:2      | Reached skill level 6 in Crossbows
  1987 | D:2      | Reached XP level 4. HP: 34/36 MP: 3/3
  2514 | D:3      | HP: 3/36 [orc priest/divine providence (10)]
  3231 | D:3      | Reached XP level 5. HP: 35/41 MP: 4/4
  3360 | D:3      | Reached skill level 7 in Crossbows
  4755 | D:4      | Found a radiant altar of Vehumet.
  4802 | D:4      | HP: 10/41 [orc wizard/dagger (1)]
  4806 | D:4      | Reached skill level 8 in Crossbows
  4808 | D:4      | Found a shimmering altar of Xom.
  4852 | D:4      | HP: 8/41 [orc wizard/dagger (2)]
  4862 | D:4      | Reached XP level 6. HP: 10/48 MP: 5/5
  5455 | D:4      | Noticed an ogre
  5460 | D:4      | HP: 11/48 [ogre/giant club (16)]
  5478 | D:4      | Killed an ogre
  5823 | D:4      | Found a white marble altar of Elyvilon.
  5896 | D:4      | Reached skill level 9 in Crossbows
  6307 | D:5      | Entered Level 5 of the Dungeon
  6723 | D:5      | Reached XP level 7. HP: 28/55 MP: 5/5
  7042 | D:5      | HP: 9/55 [shadow imp/nerve-wracking pain (12)]
  7047 | D:5      | HP: 8/55 [poisoned by a scorpion]
  7055 | D:5      | HP: 7/55 [poisoned by a scorpion]
  7061 | D:5      | HP: 7/55 [poisoned by a scorpion]
  7066 | D:5      | HP: 6/55 [poisoned by a scorpion]
  7193 | D:4      | HP: 9/55 [orc wizard/puff of flame (8)]
  7196 | D:4      | HP: 4/55 [orc wizard/dagger (3)]
  7197 | D:4      | HP: 1/55 [orc/hand axe (3)]
  7201 | D:4      | Slain by an orc wizard

Action                   |  1- 3 |  4- 6 |  7- 9 || total
-------------------------+-------+-------+-------++-------
Melee: Short sword       |   119 |   437 |    52 ||   608
 Fire: Hand crossbow     |     1 |    13 |       ||    14
  Use: Potion            |       |     1 |       ||     1
       Scroll            |       |     8 |     4 ||    12
  Eat: Chunk             |     2 |    14 |     1 ||    17

Vault maps used:
D:1:      lightli_arrival_noodles, serial_forest, infiniplex_forest_corner_1,
          infiniplex_forest_clump_double, infiniplex_forest_lined_room_2,
          infiniplex_forest_straight_3, infiniplex_forest_corner_1,
          infiniplex_forest_lined_room_2, st_stairs_9
D:2:      uniq_jessica
D:3:      first_bread, serial_corexii_hall, corexii_hall_statues_t,
          corexii_hall_statues_x, kennysheep_another_room,
          kennysheep_generic_room_5
D:4:      old_standard_altar, lemuel_round_altar, elyvilon_altar_1
D:5:      temple_statues, minmay_holes

Table legend:
 A = Turns spent in this place as a percentage of turns spent in the entire game.
 B = Non-inter-level travel turns spent in this place as a percentage of non-inter-level travel turns spent in the entire game.
 C = Inter-level travel turns spent in this place as a percentage of turns spent in this place.
 D = Turns resting spent in this place as a percentage of non-inter-level travel turns spent in this place.
 E = Turns spent auto-exploring this place as a percentage of non-inter-level travel turns spent in this place.
 F = Non-inter-level travel turns spent in this place divided by the number of levels of this place that you've seen.
                   A       B       C       D       E      F
               +-------+-------+-------+-------+-------+----------------------
         Total | 100.0 | 100.0 |   0.3 |   7.0 |   6.8 | 302.2
       Dungeon | 100.0 | 100.0 |   0.3 |   7.0 |   6.8 | 302.2
               +-------+-------+-------+-------+-------+----------------------

Table legend:
 A = Kills in this place as a percentage of kills in entire the game.
 B = Kills by you in this place as a percentage of kills by you in the entire game.
 C = Kills by friends in this place as a percentage of kills by friends in the entire game.
 D = Other kills in this place as a percentage of other kills in the entire game.
 E = Experience gained in this place as a percentage of experience gained in the entire game.
 F = Experience gained in this place divided by the number of levels of this place that you have seen.
                   A       B       C       D       E      F
               +-------+-------+-------+-------+-------+----------------------
         Total | 100.0 | 100.0 |  -nan |  -nan | 100.0 | 168.8
       Dungeon | 100.0 | 100.0 |  -nan |  -nan | 100.0 | 168.8
               +-------+-------+-------+-------+-------+----------------------
